 Dungeon Crawl Stone Soup version 0.29.1-15-g9cfb28693d (webtiles) character file.

Game seed: 2839930350730801791

2150 Anriel the Protected (level 9, 0/70 (75) HPs)
             Began as a Minotaur Fighter on Feb 27, 2023.
             Was a Priest of Okawaru.
             Slain by a wight
             ... wielding a +0 long sword
              (4 damage)
             ... on level 7 of the Dungeon.
             The game lasted 00:25:21 (5326 turns).

Anriel the Protected (Minotaur Fighter)             Turns: 5326, Time: 00:25:22

HP:   0/70 (75)     AC: 18    Str: 24    XL:     9   Next: 10%
MP:   10/10         EV: 10    Int:  5    God:    Okawaru [***...]
Gold: 263           SH:  5    Dex: 11    Spells: 8/8 levels left

rFire   . . .      SeeInvis .   p - +0 flail (protect)
rCold   . . .      Faith    .   c - +0 buckler
rNeg    . . .      Spirit   .   r - +0 acid dragon scales
rPois   .          Reflect  .   (helmet restricted)
rElec   .          Harm     .   (no cloak)
rCorr   +          Rampage  .   (no gloves)
Will    +....                   e - +2 pair of boots
Stlth   +.........              (no amulet)
HPRegen 0.21/turn               h - ring of willpower
MPRegen 0.12/turn               (no ring)

@: under a protective aura, drained
A: horns 2, retaliatory headbutt
a: Renounce Religion, Heroism


You were on level 7 of the Dungeon.
You worshipped Okawaru.
Okawaru was most pleased with you.
You visited 2 branches of the dungeon, and saw 8 of its levels.

You collected 263 gold pieces.

Inventory:

Hand Weapons
 p - a +0 flail of protection (weapon)
Missiles
 f - 4 silver javelins
 m - 22 poisoned darts (quivered)
 o - a curare-tipped dart
Armour
 c - a +0 buckler (worn)
 e - a +2 pair of boots (worn)
 r - +0 acid dragon scales (worn)
Jewellery
 h - a ring of willpower (left hand)
Wands
 d - a wand of polymorph (6)
Scrolls
 j - a scroll of poison
 k - a scroll of immolation
Potions
 g - a potion of attraction
 i - a potion of flight {unknown}
 l - 4 potions of brilliance
 q - a potion of lignification


   Skills:
 - Level 6.3 Fighting
 + Level 7.9 Maces & Flails
 - Level 5.0 Throwing
 + Level 8.3 Armour
 - Level 5.1 Shields
 + Level 3.0 Invocations


You had 8 spell levels left.
You didn't know any spells.
Your spell library contained the following spells:

 Spells                   Type           Power      Damage    Failure   Level
 Confusing Touch          Hex            0%         N/A       94%         3
 Yara's Violent Unravell  Hex/Tmut       0%         3d3       100%        5
 Enfeeble                 Hex            0%         N/A       100%        7


Dungeon Overview and Level Annotations

Branches:
Dungeon (7/15)             Temple (1/1) D:4

Altars:
Ashenzari
Cheibriados
Dithmenos
Elyvilon
Fedhas
Gozag
Hepliaklqana
Kikubaaqudgha
Makhleb
Nemelex Xobeh
Okawaru
Qazlal
Ru
Sif Muna
Trog
Uskayaw
Vehumet
Wu Jian
Yredelemnul
Zin
The Shining One

Shops:
D:4 :

Annotations:
D:6 3 runed translucent doors, SonOfSpiff's ghost, novice TrMo


Innate Abilities, Weirdness & Mutations

You have a pair of horns on your head.
You reflexively headbutt those who attack you in melee.


Message History

Okay, then.
You sock the wight!
Your weapon exudes an aura of protection.
The wight is severely damaged.
The wight hits you but does no damage.
You barely miss the wight.
The wight is severely damaged.
You block the wight's attack. The wight barely misses you.
You hit the wight.
The wight is almost destroyed.
You block the wight's attack. The wight hits you but does no damage.
You thump the wight!
You destroy the wight!
Okawaru accepts your kill.
The wight hits you but does no damage. x2
You barely miss the wight. You headbutt the wight.
The wight is moderately damaged.
The wight hits you with a +0 dire flail!
* * * LOW HITPOINT WARNING * * *
You feel drained.
* * * LOW HITPOINT WARNING * * *
The wight hits you but does no damage.
You barely miss the wight. You headbutt the wight!
The wight is almost destroyed.
You block the wight's attack.
The wight hits you with a +0 long sword.
* * * LOW HITPOINT WARNING * * *
You feel drained.
* * * LOW HITPOINT WARNING * * *
You hit the wight.
You destroy the wight!
Okawaru accepts your kill. The wight hits you but does no damage.
Your Invocations skill increases to level 3!
You hit the wight.
The wight is moderately damaged.
The wight hits you with a +0 long sword!
* * * LOW HITPOINT WARNING * * *
You feel drained.
You die...

#.... ☼☼[
.##+####'###
.......#°..#
...°...#§°.#
...§☼..+☼°.#
...§°§°##'##
#°..○§°○§#
#☼☼§○§§z@#####
#§..§○.§§☼○○.#
+☼§§§°°°°☼§☼§#
#☼○°°§°§.§○§○#
###+#☼°§°°°.§#
#☼°.☼☼..○#
#°§°§°○☼○#
+.§☼.○°○.#
#....#####


You could see a wight.

Vanquished Creatures
  A two-headed ogre (D:7)
  Edmund (D:5)
  An acid dragon (D:6)
  Duvessa (D:4)
  An ice beast (D:4)
  A sky beast (D:6)
  A centaur (D:5)
  A phantom (D:6)
  A kobold brigand (D:5)
  A scorpion (D:6)
  2 wights (D:7)
  Dowan (D:4)
  5 killer bees (D:6)
  A howler monkey (D:6)
  A hound (D:6)
  2 jellies
  4 iguanas
  An orc wizard (D:6)
  A gnoll (D:5)
  3 adders
  An ufetubus (D:5)
  A worm (D:2)
  4 dart slugs
  5 orcs
  3 ball pythons (D:1)
  7 endoplasms
  3 giant cockroaches
  11 goblins
  6 hobgoblins
  4 quokkas
  7 bats
  2 frilled lizards
  9 kobolds
  7 rats
101 creatures vanquished.

Vanquished Creatures (others)
  4 fungi (D:6)
  A plant (D:5)
5 creatures vanquished.

Grand Total: 106 creatures vanquished

Notes
Turn   | Place    | Note
-------+----------+-------------------------------------------
     0 | D:1      | Anriel the Minotaur Fighter began the quest for the Orb.
     0 | D:1      | Reached XP level 1. HP: 19/19 MP: 0/0
    81 | D:1      | Found a faded altar of an unknown god.
    91 | D:1      | Reached XP level 2. HP: 23/27 MP: 1/1
   555 | D:1      | Reached XP level 3. HP: 33/34 MP: 2/2
  1434 | D:3      | You fall into a shaft and drop 1 floor!
  1496 | D:4      | Found a staircase to the Ecumenical Temple.
  1506 | D:4      | Noticed an ice beast
  1516 | D:4      | Killed an ice beast
  1517 | D:4      | Reached skill level 5 in Fighting
  1517 | D:4      | Reached XP level 4. HP: 41/44 MP: 3/3
  1517 | D:4      | Reached XP level 5. HP: 47/50 MP: 4/4
  1518 | D:4      | Reached skill level 5 in Maces & Flails
  1519 | Temple   | Entered the Ecumenical Temple
  1538 | Temple   | Became a worshipper of Warmaster Okawaru
  1672 | D:4      | Noticed Dowan
  1673 | D:4      | Noticed Duvessa
  1765 | D:4      | Killed Duvessa
  1766 | D:4      | Reached skill level 1 in Throwing
  1766 | D:4      | Reached skill level 4 in Armour
  1766 | D:4      | Reached XP level 6. HP: 6/57 MP: 5/5
  1780 | D:4      | HP: 4/85 [Dowan/+0 dagger (4)]
  1790 | D:4      | Killed Dowan
  2427 | D:4      | Found a glowing golden altar of the Shining One.
  2430 | D:4      | Found a snail-covered altar of Cheibriados.
  2433 | D:4      | Found a hide-covered altar of Uskayaw.
  2447 | D:4      | Found a sparkling altar of Nemelex Xobeh.
  2585 | D:4      | Found Puloru's Tremendous Tomes.
  2903 | D:5      | Entered Level 5 of the Dungeon
  3270 | D:5      | Noticed Edmund
  3279 | D:5      | Killed Edmund
  3279 | D:5      | Reached * piety under Okawaru
  3280 | D:5      | Reached skill level 5 in Armour
  3280 | D:5      | Reached XP level 7. HP: 51/63 MP: 6/6
  3690 | D:5      | Reached skill level 5 in Shields
  3990 | D:6      | Reached skill level 6 in Armour
  4015 | D:6      | Reached XP level 8. HP: 14/70 MP: 7/7
  4324 | D:6      | Reached ** piety under Okawaru
  4532 | D:6      | Reached skill level 7 in Armour
  4855 | D:6      | Found a runed translucent gate.
  4855 | D:6      | Found a runed translucent gate.
  4855 | D:6      | Found a runed translucent gate.
  4856 | D:6      | Noticed a kobold demonologist
  4856 | D:6      | Noticed SonOfSpiff's ghost (novice TrMo)
  4865 | D:6      | Found a radiant altar of Vehumet.
  4945 | D:6      | Found a basalt altar of Yredelemnul.
  5063 | D:6      | Reached skill level 5 in Throwing
  5253 | D:7      | Noticed a two-headed ogre
  5268 | D:7      | Killed a two-headed ogre
  5268 | D:7      | Reached *** piety under Okawaru
  5269 | D:7      | Reached skill level 8 in Armour
  5269 | D:7      | Reached XP level 9. HP: 12/75 MP: 7/10
  5326 | D:7      | Slain by a wight

Illustrated notes

Levels and vault maps discovered:
D:1:      pf_arrival_petrified_forest, layout_loops_ring,
          chequers_ecumenical_altar_simple_redux
D:2:      layout_basic, minmay_pentomino_o2
D:3:      layout_loops_ring, minivault_4
D:4:      layout_basic, mainiacjoe_overflow_cross_hatched,
          grunt_temple_overflow_diamond, minmay_temple_entry_mini_moons,
          nicolae_shop_i_like_big_books, kennysheep_boxes, uniq_duvessa
D:5:      cheibrodos_two_vegetables, layout_loops_corners, uniq_edmund
D:6:      wander_river, layout_loops_cross, overflow_temple_1_default,
          mainiacjoe_overflow_tiny_flanked, gammafunk_ghost_nasty_kobolds
D:7:      layout_gridville, enter_bailey_1, minmay_manual_monolith
Temple:   hellmonk_temple_two_chambers

Skill      XL: |  1  2  3  4  5  6  7  8  9 |
---------------+----------------------------+-----
Fighting       | 4 5 6 |  6.3
Maces & Flails | 3 4 5 7 |  7.9
Throwing       | 1 2 4 5 |  5.0
Armour         | 4 5 6 8 |  8.3
Shields        | 4 5 |  5.1
Invocations    | 2 3 |  3.0

Action                   |  1- 3 |  4- 6 |  7- 9 || total
-------------------------+-------+-------+-------++-------
Melee: Flail             |   112 |    89 |   111 ||   312
       Headbutt          |    10 |    14 |    18 ||    42
  Use: Scroll            |     6 |     5 |     5 ||    16
       Potion            |     2 |     3 |     3 ||     8
Armor: Scale mail        |    46 |    19 |    56 ||   121
       Skin              |       |    24 |       ||    24
       Acid dragon scale |       |       |    15 ||    15
Dodge: Dodged            |    38 |    34 |    37 ||   109
Block: Buckler           |    22 |    15 |    30 ||    67
